Map: 글리터링 애쉬즈 - 래더

Players

Classic

  • Race: Protoss Protoss

DPGherO (herO) - Winner!

  • Race: Protoss Protoss
  • League: Master

Event: DreamHack SC2 Masters Last Chance 2022

VOD

Have the link to the VOD?

Description

Time

  • Played on: Dec. 15, 2021, 5:52 a.m.
  • Length: 9:50

All games in this series

Show
View Real Time Build Order
Export as new Build Order

Classic Protoss 

Build Orders: Oracle Opening 

Get SALT Encoding   

  12  0:00  Probe  
  13  0:12  Probe  
  14  0:17  Pylon  
  14  0:24  Probe  
  15  0:35  Gateway  
  15  0:36  Probe (Chrono Boost)  
  16  0:45  Probe (Chrono Boost)  
  16  0:46  Assimilator  
  17  0:51  Probe (Chrono Boost)  
  17  0:54  Assimilator  
  18  1:03  Probe (Chrono Boost)  
  19  1:13  Gateway  
  19  1:15  Probe (Chrono Boost)  
  20  1:21  Probe (Chrono Boost)  
  21  1:25  Cybernetics Core  
  21  1:29  Probe  
  22  1:38  Pylon  
  22  1:41  Probe  
  23  2:01  Pylon  
  23  2:02  Stalker  
  23  2:04  Stalker  
  23  2:08  Warp Gate  
  27  2:12  Probe  
  28  2:35  Stargate  
  28  2:37  Adept x2  
  31  3:04  Nexus  
  31  3:15  Oracle (Chrono Boost)  
  31  3:17  Probe  
  35  3:25  Pylon  
  35  3:29  Probe  
  36  3:37  Pylon  
  36  3:41  Probe  
  37  3:43  Oracle (Chrono Boost)  
  40  3:56  Adept x2  
  44  4:04  Robotics Facility, Probe  
  45  4:20  Probe x2 (Chrono Boost)  
  47  4:30  Probe x2 (Chrono Boost)  
  49  4:34  Probe (Chrono Boost)  
  49  4:35  Probe (Chrono Boost)  
  51  4:40  Forge  
  51  4:46  Probe x2  
  51  4:51  Observer  
  54  4:54  Nexus  
  54  4:58  Probe  
  54  4:59  Probe  
  56  5:03  Pylon  
  56  5:06  Assimilator  
  56  5:12  Probe x2  
  58  5:20  Immortal (Chrono Boost)  
  58  5:21  Protoss Ground Weapons Level 1 (Chrono Boost)  
  63  5:35  Probe x2  
  63  5:40  Twilight Council  
  63  5:41  Stalker, Sentry  
  65  5:47  Probe  
  65  5:48  Probe  
  67  5:50  Pylon  
  67  5:52  Shield Battery  
  67  6:01  Shield Battery  
  67  6:06  Immortal (Chrono Boost)  
  69  6:16  Stalker x2, Blink (Chrono Boost)  
  67  6:20  Gateway  
  67  6:25  Gateway  
  67  6:29  Probe x3  
  67  6:30  Immortal (Chrono Boost)  
  74  6:41  Stalker  
  74  6:44  Stalker  
  78  6:48  Probe x3  
  78  7:00  Probe x3  
  81  7:02  Pylon  
  81  7:04  Immortal  
  85  7:11  Gateway  
  85  7:12  Probe x3  
  88  7:16  Pylon  
  88  7:18  Gateway  
  88  7:27  Pylon  
  88  7:28  Adept  
  88  7:29  Adept  
  92  7:32  Probe  
  92  7:34  Probe x2  
  92  7:35  Pylon  
  95  7:42  Gateway  
  91  7:46  Gateway  
  91  7:48  Stalker x2  
  95  7:54  Stalker x2  
  95  7:56  Warp Prism (Chrono Boost)  
  97  8:04  Assimilator  
  99  8:06  Probe x2  
  99  8:07  Assimilator, Probe  
  102  8:18  Probe  
  102  8:19  Probe x2, Pylon  
  103  8:25  Observer  
  98  8:44  Zealot x3  
  98  8:45  Zealot x3  
  98  8:46  Immortal  
  114  8:49  Gateway  
  114  8:56  Zealot, Templar Archives  
  114  8:58  Nexus  
  114  9:00  Pylon x2  
  114  9:02  Pylon  
  116  9:04  Pylon  
  116  9:11  Zealot x4  
  114  9:24  Zealot x3  
  114  9:30  Pylon  
  117  9:37  Zealot x2  
Show
View Real Time Build Order
Export as new Build Order

DPGherO Protoss - Winner!

Build Orders: 1 Gate Expand, Zealot Archon 

Get SALT Encoding   

  12  0:00  Probe  
  13  0:12  Probe  
  14  0:16  Pylon  
  14  0:24  Probe (Chrono Boost)  
  16  0:36  Probe (Chrono Boost)  
  16  0:37  Gateway  
  16  0:41  Probe (Chrono Boost)  
  17  0:48  Assimilator  
  17  0:51  Probe  
  18  1:03  Probe  
  19  1:20  Nexus  
  19  1:29  Cybernetics Core  
  19  1:32  Probe  
  20  1:42  Pylon  
  20  1:44  Probe  
  21  1:51  Zealot (Chrono Boost)  
  23  1:55  Assimilator  
  23  2:00  Probe  
  23  2:01  Warp Gate (Chrono Boost)  
  24  2:12  Probe  
  24  2:15  Stalker (Chrono Boost)  
  27  2:24  Probe  
  28  2:35  Probe  
  28  2:37  Stalker, Probe  
  32  2:46  Gateway  
  32  2:50  Gateway  
  32  2:57  Shield Battery  
  31  3:07  Stalker, Probe  
  31  3:09  Probe  
  35  3:18  Pylon  
  35  3:21  Probe x2  
  37  3:33  Probe x2  
  39  3:37  Shield Battery  
  39  3:46  Stalker x2  
  39  3:47  Gateway  
  43  3:53  Twilight Council  
  43  3:54  Probe (Chrono Boost)  
  42  3:56  Probe (Chrono Boost)  
  42  4:02  Stalker  
  45  4:07  Probe (Chrono Boost)  
  45  4:08  Probe (Chrono Boost)  
  47  4:12  Probe x2 (Chrono Boost)  
  47  4:15  Pylon  
  49  4:21  Probe  
  49  4:23  Probe  
  51  4:24  Stalker  
  51  4:27  Blink (Chrono Boost)  
  51  4:28  Pylon  
  53  4:32  Gateway  
  53  4:37  Stalker  
  55  4:41  Probe x2  
  56  4:50  Robotics Facility  
  56  4:52  Stalker  
  56  4:53  Probe  
  56  4:54  Probe  
  56  4:59  Pylon  
  60  5:01  Assimilator  
  60  5:06  Probe x2  
  62  5:09  Assimilator  
  62  5:14  Forge  
  62  5:18  Stalker  
  62  5:20  Shield Battery  
  64  5:21  Stalker x2  
  64  5:24  Probe  
  64  5:25  Probe  
  64  5:27  Pylon  
  69  5:37  Probe  
  69  5:38  Probe  
  69  5:39  Observer, Pylon  
  72  5:42  Protoss Ground Weapons Level 1 (Chrono Boost)  
  72  5:50  Stalker x3  
  78  6:02  Pylon  
  76  6:11  Probe x2  
  76  6:14  Observer  
  76  6:15  Nexus  
  75  6:20  Charge  
  75  6:22  Sentry  
  75  6:23  Probe x2, Sentry  
  81  6:34  Gateway  
  81  6:35  Gateway, Probe x2 (Chrono Boost)  
  83  6:40  Observer  
  83  6:46  Probe x2 (Chrono Boost)  
  86  6:48  Templar Archives  
  86  6:51  Probe x2 (Chrono Boost)  
  88  6:58  Gateway  
  88  7:00  Gateway  
  88  7:03  Gateway  
  88  7:04  Probe  
  88  7:05  Probe  
  90  7:12  Warp Prism  
  92  7:19  Observer, Probe x2  
  94  7:25  Zealot, High Templar x2  
  100  7:30  Archon  
  100  7:32  Probe x3  
  100  7:33  Observer, Pylon  
  103  7:46  Probe  
  103  7:48  Immortal, Probe x2, Pylon  
  110  8:00  Zealot x5  
  110  8:01  Observer  
  110  8:03  Pylon  
  120  8:08  High Templar x2  
  120  8:09  Zealot  
  120  8:12  Pylon x2  
  126  8:32  Zealot x6  
  132  8:43  Zealot x2  
  132  8:44  Archon  
  132  8:46  Nexus  
  136  8:48  Pylon  
  132  8:57  High Templar x3  
  132  9:00  Zealot x2, High Templar  
  144  9:03  Archon  
  144  9:04  Zealot x2, Archon  
  148  9:12  Probe x3  
  148  9:15  Pylon  
  149  9:25  Zealot x4  
  149  9:30  Zealot x3  
  157  9:34  Zealot  
  142  9:49  Zealot x4  

Tags
 
Add a new tag
Caveats
  • Supply blocks, unpowered buildings, or Contaminate may cause inaccurate times.
  • Supply counts are checked every 10 seconds.